 Dungeon Crawl Stone Soup version 0.31.0-11-ge490571c62 (webtiles) character file.

Game seed: 4012269522700500602

15 qw the Shooter (level 2, -4/14 HPs)
             Began as a Spriggan Hunter on Feb 4, 2024.
             Succumbed to their own poison gas
             ... on level 1 of the Dungeon.
             The game lasted 00:00:01 (772 turns).

qw the Shooter (Spriggan Hunter)                     Turns: 772, Time: 00:00:02

Health: -4/14      AC:  2    Str:  7    XL:     2   Next: 34%
Magic:  3/3        EV: 19    Int: 10    God:
Gold:   43         SH:  0    Dex: 18    Spells: 1/1 levels left

rFire   . . .        a - +0 shortbow
rCold   . . .        (shield currently unavailable)
rNeg    . . .        c - +0 robe
rPois   .            (helmet restricted)
rElec   .            (no cloak)
rCorr   .            (gloves unavailable)
SInv    +            (boots unavailable)
Will    .....        (no amulet)
Stlth   ++           (no ring)
HPRegen 0.22/turn    (no ring)
MPRegen 0.08/turn

%: no passive effects
@: lethally poisoned (-4 -> -37), very quick
A: very small, no large weapons, unfitting armour, see invisible, speed 3
a: no special abilities


You were on level 1 of the Dungeon.
You visited 1 branch of the dungeon, and saw 1 of its levels.

You collected 43 gold pieces.


Innate Abilities, Weirdness & Mutations

You are very small and have problems with some larger weapons.
You are too small for most types of armour.
You have supernaturally acute eyesight. (SInv)
You cover ground extremely quickly. (Speed+++)


   Skills:
 - Level 1.5 Fighting
 + Level 4.0 Ranged Weapons
 - Level 4.0 Dodging
 - Level 1.5 Stealth


You had one spell level left.
You didn't know any spells.
Your spell library was empty.

Inventory:

Hand Weapons
 a - a +0 shortbow (weapon)
Armour
 c - a +0 robe (worn)
Potions
 g - a potion of haste

Dungeon Overview and Level Annotations

Branches:
Dungeon (1/15)

Altars:


Message History

767 ||| READING scroll labelled YFFIMA NEFE.
As you read the scroll labelled YFFIMA NEFE, it crumbles to dust.
It is a scroll of identify.
767 ||| IDENTIFYING dark potion;
g - a potion of haste Done exploring.
768 ||| DROPPING scroll of butterflies.
You drop a scroll of butterflies.
Done exploring.
769 ||| DROPPING 2 scrolls of summoning.
You drop 2 scrolls of summoning.
Done exploring.
770 ||| DROPPING 2 scrolls of revelation.
You drop 2 scrolls of revelation.
Done exploring.
What level of the Dungeon? (default 1, ? - help) Sorry, I don't know how to get there.
Enter note:
Enter note:
Enter note:
Enter note:
Enter note:
Enter note:
Enter note:
Enter note:
Enter note: Done exploring.
Enter note:
Enter note:
Enter note:
Enter note:
Enter note:
Enter note:
771 ||| Stepping randomly (stuck).
You are engulfed in poison gas.
You are poisoned.
You feel sick.
You're standing in a cloud of poison gas!
You are engulfed in poison gas.
You are more poisoned.
Ouch! That really hurt!
You die...

#...####..# #...# #..#
##############...####..#
#####0¤¤#########.......
#####¤¤¤####### #.####..
#####¤00####### #.# #.#
#####¤0¤####### #.####.#
#####¤0¤####### #.#....#
#####¤J@####### #.#.####
#####¤hh####### #.#.#
#####¤r.####### #.#.#
#####¤¤¤0.....# #.#.####
######¤¤¤.....# #.#.....
######¤¤0¤....###.#.....
#####¤000¤....'...##....
#####¤¤¤¤¤¤...##...'%...
#####.........##.###....


You could see a friendly endoplasm (summoned), 2 friendly jackals and a friendly
rat (summoned).

Vanquished Creatures
  3 ball pythons (D:1)
  2 bats (D:1)
  A giant cockroach (D:1)
  4 jackals (D:1)
  A kobold (D:1)
11 creatures vanquished.

Notes
Turn   | Place    | Note
-------+----------+-------------------------------------------
     0 | D:1      | qw the Spriggan Hunter began the quest for the Orb.
     0 | D:1      | Reached XP level 1. HP: 10/10 MP: 2/2
     0 | D:1      | 0 ||| qw: Version: 0.3-a-160-g6735b56
     0 | D:1      | 0 ||| qw: Game counter: 4356
     0 | D:1      | 0 ||| qw: Melee chars always use a shield: true
     0 | D:1      | 0 ||| qw: God list: Okawaru
     0 | D:1      | 0 ||| qw: Allow faded altars: false
     0 | D:1      | 0 ||| qw: Do Orc after clearing Dungeon:15 true
     0 | D:1      | 0 ||| qw: Do second Lair branch before Depths: true
     0 | D:1      | 0 ||| qw: Lair rune preference: random
     0 | D:1      | 0 ||| qw: Goals: Normal
     0 | D:1      | 0 ||| PLANNING D:1-11
    84 | D:1      | Reached skill level 3 in Dodging
   313 | D:1      | Reached XP level 2. HP: 14/14 MP: 3/3
   764 | D:1      | 764 ||| READING 3 scrolls labelled ALOARU RITWE.
   765 | D:1      | 765 ||| READING 3 scrolls labelled HEQUJAYMUE.
   766 | D:1      | 766 ||| READING scroll labelled ROKOAKHAASU.
   767 | D:1      | 767 ||| READING scroll labelled YFFIMA NEFE.
   767 | D:1      | 767 ||| IDENTIFYING dark potion
   768 | D:1      | 768 ||| DROPPING scroll of butterflies.
   769 | D:1      | 769 ||| DROPPING 2 scrolls of summoning.
   770 | D:1      | 770 ||| DROPPING 2 scrolls of revelation.
   771 | D:1      | 771 ||| Stepping randomly (stuck).
   772 | D:1      | HP: 2/14 [cloud of poison gas (5)]
   772 | D:1      | Succumbed to their own poison gas

Levels and vault maps discovered:
D:1:      evilmike_arrival_plus, layout_basic

Skill      XL: |  1  2 |
---------------+-------+-----
Dodging        | 3 4 |  4.0
Fighting       | |  1.5
Ranged Weapons | |  4.0
Stealth        | |  1.5

Action                     || total
---------------------------++-------
   Fire: Shortbow          ||    33
    Use: Scroll            ||     4
 Armour: Robe              ||     5
  Dodge: Dodged            ||    26

Table legend:
 A = Non-vault XP
 B = Vault XP
 C = Vault XP percentage of total XP
 D = Non-vault monster count
 E = Vault monster count
 F = Vault count percentage of total count
                 A         B        C        D         E       F
            +---------+---------+-------+---------+---------+-------
      Total |      22 |       0 |   0.0 |      11 |       0 |   0.0
            +---------+---------+-------+---------+---------+-------
        D:1 |      22 |       0 |   0.0 |      11 |       0 |   0.0
            +---------+---------+-------+---------+---------+-------
